 Dungeon Crawl Stone Soup version 0.28-a0-1182-g381e24db82 (webtiles) character file.

Game seed: 2050375605550972013

28 chunkyMonkey the Sneak (level 2, -3/14 HPs)
             Began as a Spriggan Enchanter on Dec 16, 2021.
             Slain by a worm (11 damage)
             ... on level 2 of the Dungeon.
             The game lasted 00:02:59 (1403 turns).

chunkyMonkey the Sneak (Spriggan Enchanter)         Turns: 1403, Time: 00:03:00

Health: -3/14      AC:  2    Str:  4    XL:     2   Next: 96%
Magic:  7/7        EV: 18    Int: 22    God:
Gold:   27         SH:  0    Dex: 15    Spells: 7/7 levels left

rFire   . . .      SeeInvis +   d - +0 dagger (venom)
rCold   . . .      Faith    .   (shield restricted)
rNeg    . . .      Spirit   .   b - +0 robe
rPois   .          Reflect  .   (helmet restricted)
rElec   .          Harm     .   (no cloak)
rCorr   .          Rampage  .   (gloves unavailable)
Will    .....                   (boots unavailable)
Stlth   +++.......              (no amulet)
HPRegen 0.04/turn               i - +6 ring of intelligence
MPRegen 0.10/turn               (no ring)

@: very quick
A: very small, no large weapons, unfitting armour, see invisible, speed 3
a: no special abilities


You were on level 2 of the Dungeon.
You visited 1 branch of the dungeon, and saw 2 of its levels.

You collected 27 gold pieces.

Inventory:

Hand Weapons
 d - a +0 dagger of venom (weapon)
Armour
 b - a +0 robe (worn)
Jewellery
 i - a +6 ring of intelligence (left hand)
Scrolls
 g - a scroll of identify {unknown}
Potions
 a - a potion of attraction {unknown}
 c - a potion of invisibility
 e - a potion of resistance {unknown}
 f - a potion of flight {unknown}
 h - a potion of curing {unknown}
 j - 2 potions of ambrosia {unknown}


   Skills:
 * Level 0.5 Fighting
 * Level 1.5 Short Blades
 + Level 0.3 Armour
 * Level 3.4 Dodging
 + Level 4.5 Stealth
 * Level 3.0 Spellcasting
 + Level 3.7 Hexes


You had 7 spell levels left.
You didn't know any spells.
Your spell library contained the following spells:

 Spells                   Type           Power      Damage    Failure   Level
 Ensorcelled Hibernation  Hex/Ice        22%        N/A       9%          2
 Confusing Touch          Hex            19%        N/A       9%          3
 Tukima's Dance           Hex            19%        N/A       9%          3
 Dazzling Flash           Conj/Hex       22%        N/A       17%         3


Dungeon Overview and Level Annotations

Branches:
Dungeon (2/15)

Altars:


Innate Abilities, Weirdness & Mutations

You are very small and have problems with some larger weapons.
You are too small for most types of armour.
You have supernaturally acute eyesight. (SInv)
You cover ground extremely quickly. (Speed+++)


Message History

j - 2 pink potions
Things that are here:
a +0 whip; 2 stones; a kobold skeleton You see here a ball python skeleton.
Found 16 stones.
You see here 16 stones.
You see here 16 stones.
Found a stone staircase leading down.
Done exploring.
Done exploring.
Done exploring.
There is a stone staircase leading down here.
You climb downwards.
There is a stone staircase leading up here.
A rat comes into view.
A rat is nearby!
A worm comes into view.
You hit the rat but do no damage.
The rat is poisoned.
You kill the rat!
A worm is nearby!
The helpless worm fails to defend itself.
You puncture the worm!
The worm is almost dead.
The worm bites you!
Ouch! That really hurt!
You aren't carrying any items that you can evoke.
Unknown command.
You see here a rat corpse.
You hit the worm but do no damage.
The worm is poisoned.
The worm is moderately wounded.
The worm misses you.
You barely miss the worm.
The worm is moderately wounded.
You hit the worm.
The worm looks even sicker.
The worm is heavily wounded.
You hit the worm but do no damage.
The worm looks as sick as possible!
The worm is heavily wounded.
The worm bites you!
Ouch! That really hurt!
You die...

#.#
#.#
#.#
#.#
#.#
#.#
#.#
#w#
#@#
#.#
#.#
#.#
#<#
###


You could see a worm (extremely poisoned).

Vanquished Creatures
  2 dart slugs (D:1)
  2 ball pythons (D:1)
  2 endoplasms (D:1)
  3 goblins (D:1)
  A hobgoblin (D:1)
  3 kobolds (D:1)
  4 bats (D:1)
  2 frilled lizards (D:1)
  5 rats
24 creatures vanquished.

Notes
Turn   | Place    | Note
-------+----------+-------------------------------------------
     0 | D:1      | chunkyMonkey the Spriggan Enchanter began the quest for the
                  | Orb.
     0 | D:1      | Reached XP level 1. HP: 9/9 MP: 5/5
   314 | D:1      | Found a faded altar of an unknown god.
   319 | D:1      | Reached XP level 2. HP: 13/13 MP: 6/6
  1403 | D:2      | Slain by a worm

Illustrated notes

Levels and vault maps discovered:
D:1:      lightli_arrival_isolated_outpost, layout_loops_ring,
          chequers_ecumenical_altar_island
D:2:      layout_basic, grunt_decor_junction, minmay_misc_feat_columns,
          uniq_robin

Skill      XL: |  1  2 |
---------------+-------+-----
Dodging        | 3 |  3.4
Spellcasting   | 3 |  3.0
Fighting       | |  0.5
Short Blades   | |  1.5
Armour         | |  0.3
Stealth        | |  4.5
Hexes          | |  3.7

Action                   || total
-------------------------++-------
Melee: Dagger            ||    79
 Stab: Sleeping          ||     5
Armor: Robe              ||     3
Dodge: Dodged            ||    47

Table legend: (Time is in decaauts)
 A = Elapsed time spent in this place.
 B = Non-inter-level travel time spent in this place.
 C = Inter-level travel time spent in this place.
 D = Time resting spent in this place.
 E = Time spent auto-exploring this place.
 F = Levels seen in this place.
 G = Mean time per level.
                   A        B        C        D        E       F      G
               +--------+--------+--------+--------+--------+-----+--------+
         Total |   1197 |   1197 |      0 |    574 |    417 |   2 |  598.5 |
       Dungeon |   1197 |   1197 |      0 |    574 |    417 |   2 |  598.5 |
               +--------+--------+--------+--------+--------+-----+--------+

Top non-repeatable levels by time:
     D:1: 1149 daAuts
     D:2: 47 daAuts
